 Dungeon Crawl Stone Soup version 0.27.1-3-gb3d3a73c9e (webtiles) character file.

Game seed: 9325817848780679142

308 H0rd4k the Charlatan (level 6, 0/44 HPs)
             Began as a Human Artificer on Oct 6, 2021.
             Succumbed to a gnoll sergeant's poison
             ... on level 3 of the Dungeon.
             The game lasted 00:06:58 (4876 turns).

H0rd4k the Charlatan (Human Artificer)              Turns: 4876, Time: 00:06:58

Health: 0/44       AC:  6    Str: 17    XL:     6   Next: 68%
Magic:  6/6        EV: 12    Int: 12    God:
Gold:   216        SH:  0    Dex: 13    Spells: 5/5 levels left

rFire    . . .     SeeInvis .   i - +1 dagger (drain)
rCold    + . .     Faith    .   (no shield)
rNeg     . . .     Spirit   .   H - +2 leather armour {rC+}
rPois    .         Reflect  .   (no helmet)
rElec    .         Harm     .   (no cloak)
rCorr    .         Rampage  .   m - +0 pair of gloves {Str+3}
Will     .....                  (no boots)
Stlth    ++........             (no amulet)
HPRegen  0.14/turn              (no ring)
MPRegen  0.10/turn              (no ring)

@: lethally poisoned (0 -> -2), flying
A: no striking features
a: no special abilities


You were on level 3 of the Dungeon.
You visited 1 branch of the dungeon, and saw 4 of its levels.
You also visited: Ossuary.

You collected 216 gold pieces.

Inventory:

Hand Weapons
 f - a +1 dagger of speed
 i - a +1 dagger of draining (weapon)
 j - a +2 spear of venom
 y - a +1 dagger of venom
Armour
 b - a +0 leather armour
 m - a +0 pair of gloves of strength (worn)
 H - a +2 leather armour of cold resistance (worn)
Jewellery
 z - a ring of poison resistance
 E - a ring of magical power
Wands
 c - a wand of flame (1) (quivered)
 d - a wand of charming (5)
 G - a wand of polymorph (3)
Scrolls
 a - a scroll of vulnerability {unknown}
 l - a scroll of summoning {unknown}
 n - 2 scrolls of magic mapping {unknown}
 o - 2 scrolls of immolation {unknown}
 p - 2 scrolls of noise {unknown}
 q - a scroll of enchant armour {unknown}
 v - a scroll of torment {unknown}
 w - 3 scrolls of identify {unknown}
 D - a scroll of silence {unknown}
Potions
 g - a potion of brilliance {unknown}
 h - a potion of lignification
 k - 2 potions of curing {unknown}
 r - 3 potions of cancellation
 s - a potion of flight
 t - a potion of magic {unknown}
 u - 2 potions of degeneration {unknown}
 x - 2 potions of mutation {unknown}
 A - a potion of attraction {unknown}
 B - 2 potions of invisibility {unknown}
 C - a potion of might {unknown}
 F - a potion of heal wounds {unknown}
Miscellaneous
 e - a piece from Xom's chessboard (15/15)


   Skills:
 + Level 2.1 Fighting
 + Level 2.7 Short Blades
 + Level 3.1 Armour
 + Level 2.3 Dodging
 + Level 2.4 Stealth
 + Level 4.2 Evocations


You had 5 spell levels left.
You didn't know any spells.
Your spell library contained the following spells:

 Spells                   Type           Power      Damage    Failure   Level
 Summon Forest            Summ/Tloc      0%         N/A       100%        5
 Eringya's Noxious Bog    Tmut/Pois      0%         N/A       100%        6
 Summon Hydra             Summ           0%         N/A       100%        7


Dungeon Overview and Level Annotations

Branches:
Dungeon (4/15)            Ossuary (visited)
 Temple: D:4-7

Altars:
Nemelex Xobeh
Uskayaw

Annotations:
D:3 exclusion: gnoll
D:4 exclusion: phantom


Message History

The gnoll sergeant barely misses your gnoll.
* * * LOW HITPOINT WARNING * * *
You feel sick.
Your gnoll hits the gnoll sergeant with a +0 flail.
The gnoll sergeant hits your gnoll with a +4 spear of venom.
Your gnoll is poisoned.
* * * LOW HITPOINT WARNING * * *
You feel sick.
Your gnoll hits the gnoll sergeant but does no damage.
The gnoll sergeant barely misses your gnoll.
* * * LOW HITPOINT WARNING * * *
You feel sick.
Your gnoll hits the gnoll sergeant with a +0 flail!
The gnoll sergeant misses your gnoll.
It was a potion of lignification.
You turn into a tree.
Your +0 pair of gloves of strength melds into your body.
Your +2 leather armour of cold resistance melds into your body.
You feel weaker.
You feel less resistant to cold.
Your roots penetrate the ground.
* * * LOW HITPOINT WARNING * * *
You feel sick.
Your gnoll hits the gnoll sergeant with a +0 flail.
The gnoll sergeant barely misses your gnoll.
It was a potion of cancellation.
Your magical effects are unravelling.
You feel magically purged.
You feel less wooden.
Your +0 pair of gloves of strength unmelds from your body.
Your +2 leather armour of cold resistance unmelds from your body.
You feel stronger.
You feel resistant to cold.
* * * LOW HITPOINT WARNING * * *
You feel sick.
Your gnoll hits the gnoll sergeant but does no damage.
The gnoll sergeant hits your gnoll with a +4 spear of venom!
Your gnoll looks as sick as possible!
It was a potion of flight.
You feel very buoyant.
You fly up into the air.
You die...

## #.# .# #.# #.#.#
#.# ....# #.# #.###
#.# .# #.# .# #.#
.###################.#
....gggggg.....@.....#
.#####################
##


You could see a gnoll sergeant (ally target) and a friendly gnoll (charmed,
extremely poisoned).

Vanquished Creatures
  Ijyb (D:3)
  3 mummies (Ossuary)
  6 adders
  A worm (D:4)
  4 dart slugs
  4 orcs
  5 ball pythons
  5 bats
  7 endoplasms
  A giant cockroach (D:3)
  3 goblins
  5 hobgoblins
  7 jackals (D:1)
  3 quokkas
  5 frilled lizards
  A gnoll zombie (Ossuary)
  2 hobgoblin zombies (Ossuary)
  A jackal zombie (Ossuary)
  11 kobolds
  8 rats
83 creatures vanquished.

Vanquished Creatures (collateral kills)
  A phantom (D:4)
  An elf zombie (Ossuary)
  A bullfrog skeleton (D:4)
  A human zombie (Ossuary)
  An adder skeleton (D:4)
  A goblin zombie (Ossuary)
  A kobold zombie (Ossuary)
  2 rat zombies (Ossuary)
9 creatures vanquished.

Vanquished Creatures (others)
  A human zombie (Ossuary)
  A mummy (Ossuary)
  A kobold zombie (Ossuary)
3 creatures vanquished.

Grand Total: 95 creatures vanquished

Notes
Turn   | Place    | Note
-------+----------+-------------------------------------------
     0 | D:1      | H0rd4k the Human Artificer began the quest for the Orb.
     0 | D:1      | Reached XP level 1. HP: 15/15 MP: 1/1
    38 | D:1      | Reached XP level 2. HP: 6/21 MP: 2/2
   446 | D:1      | Reached XP level 3. HP: 11/26 MP: 3/3
  1463 | D:2      | You fall into a shaft and drop 2 floors!
  1475 | D:4      | Found a sand-covered staircase.
  1479 | Ossuary  | Entered an ossuary
  1517 | Ossuary  | Reached XP level 4. HP: 15/32 MP: 4/4
  1558 | Ossuary  | Reached skill level 1 in Short Blades
  1797 | Ossuary  | Reached skill level 4 in Evocations
  1797 | Ossuary  | Reached XP level 5. HP: 36/37 MP: 5/5
  2324 | D:4      | Noticed a phantom
  2357 | D:4      | Noticed an ogre
  2372 | D:4      | Killed a phantom
  2378 | D:4      | Reached XP level 6. HP: 26/44 MP: 6/6
  3890 | D:3      | Found a hide-covered altar of Uskayaw.
  3954 | D:3      | Found a sparkling altar of Nemelex Xobeh.
  4595 | D:3      | Noticed Ijyb
  4616 | D:3      | Killed Ijyb
  4873 | D:3      | HP: 2/44 [poisoned by a gnoll sergeant]
  4876 | D:3      | Succumbed to a gnoll sergeant's poison

Illustrated notes

Levels and vault maps discovered:
D:1:      lemuel_arrival_rhombus, layout_loops_ring
D:2:      minmay_general_purpose_star, layout_basic
D:3:      cheibrodos_helix_gallery, layout_basic,
          mainiacjoe_overflow_catch_the_wave, corexii_corridor_pit, uniq_ijyb
D:4:      layout_rooms, minmay_temple_entry_wispy, nicolae_ossuary_entry_plus,
          minmay_diced_spiral

Skill      XL: |  1  2  3  4  5  6 |
---------------+-------------------+-----
Short Blades   | 1 2 |  2.7
Evocations     | 4 |  4.2
Dodging        | 2 |  2.3
Stealth        | 2 |  2.4
Fighting       | 2 |  2.1
Armour         | 3 |  3.1

Action                   |  1- 3 |  4- 6 || total
-------------------------+-------+-------++-------
Melee: Dagger            |   111 |   197 ||   308
       Club              |     4 |       ||     4
       Unarmed           |       |    15 ||    15
Evoke: Wand              |     6 |    18 ||    24
  Use: Potion            |       |     3 ||     3
 Stab: Sleeping          |     3 |     4 ||     7
Armor: Leather armour    |    42 |    24 ||    66
       Skin              |       |     1 ||     1
Dodge: Dodged            |    51 |    94 ||   145
